Map: Romantizid LE

Players

Shinubo - Winner!

  • Race: Zerg Zerg
  • League: Diamond
  • Spawn Location: 5:00

VOD

Have the link to the VOD?

Description

Time

  • Played on: Oct. 18, 2020, 8:15 a.m.
  • Length: 39:14
Show
View Real Time Build Order
Export as new Build Order

Shinubo Zerg - Winner!

Build Orders:  

Get SALT Encoding   

  12  0:02  Drone  
  13  0:17  Overlord  
  13  0:26  Drone  
  14  0:42  Drone x2  
  16  0:53  Drone  
  17  1:13  Hatchery  
  17  1:16  Drone  
  17  1:24  Drone  
  17  1:25  Extractor  
  17  1:44  Spawning Pool  
  17  1:47  Drone  
  17  1:57  Drone  
  18  2:02  Drone  
  19  2:17  Drone  
  20  2:53  Overlord  
  20  2:56  Queen x2  
  20  2:57  Zergling x4  
  26  3:10  Drone x2  
  28  3:32  Hatchery  
  27  3:45  Drone  
  27  3:46  Queen  
  27  3:49  Metabolic Boost  
  30  3:53  Drone x2  
  30  3:56  Drone  
  33  4:06  Overlord  
  33  4:21  Overlord  
  33  4:52  Overlord  
  33  4:53  Overlord  
  33  4:54  Drone x6  
  39  5:14  Baneling Nest  
  38  5:34  Overlord  
  38  5:35  Drone x9  
  47  5:49  Extractor  
  46  5:50  Extractor  
  46  5:57  Evolution Chamber  
  46  5:59  Evolution Chamber, Drone x2  
  45  6:01  Roach Warren  
  45  6:07  Queen  
  46  6:26  Overlord  
  46  6:29  Drone x2  
  48  6:30  Drone x2  
  48  6:31  Drone  
  48  6:32  Drone x3  
  48  6:34  Drone x4  
  58  7:17  Overlord  
  58  7:19  Zerg Ground Armor Level 1, Zerg Missile Weapons Level 1  
  58  7:23  Drone x10  
  58  7:29  Extractor  
  67  7:31  Extractor  
  67  7:34  Overlord  
  67  7:38  Zergling x6  
  67  7:39  Zergling x2  
  70  8:00  Queen  
  70  8:01  Queen x2  
  70  8:06  Drone  
  70  8:09  Overlord  
  77  8:10  Hatchery  
  77  8:17  Zergling x2  
  77  8:18  Zergling x12  
  83  8:23  Drone  
  84  8:40  Overlord  
  84  8:42  Drone x2  
  84  8:43  Drone  
  84  8:44  Drone x2  
  84  8:45  Drone  
  90  9:11  Lair  
  90  9:28  Overlord  
  90  9:34  Overlord  
  90  9:44  Drone  
  90  9:47  Hatchery  
  90  10:00  Drone  
  90  10:05  Hatchery  
  90  10:11  Drone  
  90  10:12  Hatchery  
  90  10:13  Overlord  
  90  10:15  Roach x5  
  90  10:16  Roach x13  
  90  10:19  Zerg Missile Weapons Level 2, Zerg Ground Armor Level 2  
  126  10:24  Hydralisk Den  
  126  10:26  Drone  
  126  10:32  Overlord  
  126  10:54  Overlord  
  126  11:06  Overlord  
  126  11:07  Hydralisk  
  126  11:08  Hydralisk x7  
  126  11:09  Hydralisk  
  144  11:13  Overlord x3  
  144  11:14  Overlord x2  
  144  11:59  Overlord  
  144  12:01  Queen  
  144  12:08  Overlord  
  144  12:09  Hydralisk x6  
  158  12:10  Hydralisk x11  
  180  12:26  Centrifical Hooks  
  180  12:43  Pneumatized Carapace  
  180  12:45  Overseer  
  174  13:22  Roach  
  174  13:23  Roach x10  
  174  13:24  Roach x2  
  174  13:26  Zergling x2  
  199  13:46  Unknown  
  190  14:02  Roach  
  190  14:03  Roach x3  
  198  14:20  Drone  
  198  14:29  Hatchery  
  198  14:44  Drone  
  198  14:49  Zerg Melee Weapons Level 1  
  199  15:40  Overlord  
  199  16:04  Extractor  
  199  16:05  Drone  
  199  16:22  Drone, Lurker Den  
  199  16:26  Unknown  
  184  16:45  Overlord  
  184  16:46  Roach x5  
  184  16:47  Roach x3  
  184  16:49  Hydralisk  
  188  16:50  Hydralisk x7  
  188  16:54  Roach x3  
  194  17:13  Roach  
  194  17:14  Roach x2  
  194  17:53  Infestation Pit  
  189  19:01  Queen  
  191  19:26  Drone x9  
  200  19:33  Hive  
  200  19:37  Hatchery  
  199  20:21  Unknown  
  199  20:22  Drone x2  
  199  20:26  Extractor  
  199  20:28  Extractor  
  199  20:29  Drone x2  
  200  21:17  Extractor  
  183  21:53  Roach  
  183  21:54  Hydralisk, Roach x10  
  183  21:55  Hydralisk x5  
  183  21:56  Hydralisk x7  
  167  22:14  Zergling x2  
  167  22:15  Zergling x24  
  167  22:16  Zergling x32  
  167  22:17  Zergling x20  
  190  23:10  Zerg Missile Weapons Level 3, Zerg Ground Armor Level 3  
  137  23:49  Zergling x6  
  144  23:50  Zergling x18  
  140  23:51  Zergling x8  
  153  24:02  Unknown  
  153  24:09  Adrenal Overload  
  153  24:45  Roach  
  153  24:46  Roach x7  
  153  24:47  Hydralisk, Roach  
  153  24:48  Hydralisk x12  
  197  25:32  Hydralisk  
  173  26:39  Roach  
  161  26:40  Roach x12  
  161  27:01  Hydralisk x2  
  161  27:02  Hydralisk x11  
  161  27:03  Hydralisk x2  
  161  27:04  Hydralisk  
  189  27:19  Lurker x2  
  189  27:20  Lurker x16  
  200  27:32  Zerg Melee Weapons Level 2  
  200  28:29  Spire  
  199  28:33  Spire  
  198  28:47  Unknown  
  189  29:13  Roach x5  
  189  29:14  Roach x4  
  189  29:15  Hydralisk x2  
  189  29:16  Hydralisk x3  
  189  29:17  Hydralisk x2  
  189  29:18  Hydralisk  
  196  29:53  Extractor  
  196  29:55  Drone  
  196  29:56  Drone x4  
  200  30:51  Hatchery  
  200  30:52  Extractor  
  200  30:53  Extractor  
  197  31:25  Overseer x4  
  197  31:44  Zerg Flyer Weapons Level 1, Zerg Flyer Armor Level 1  
  197  32:08  Extractor  
  196  32:13  Extractor  
  195  32:30  Extractor  
  194  33:45  Hatchery  
  194  33:49  Extractor  
  208  34:30  Drone x3  
  192  34:31  Drone x2  
  192  34:33  Drone  
  192  34:36  Drone x2  
  200  34:45  Greater Spire, Zerg Flyer Armor Level 2  
  200  34:56  Zerg Melee Weapons Level 3  
  197  38:33  Hydralisk  
Tags
 
Add a new tag
Caveats
  • Supply blocks, unpowered buildings, or Contaminate may cause inaccurate times.
  • Supply counts are checked every 10 seconds.